MLB
LAS VEGAS RAT PACK @ TORONTO BLUE JAYS
06/11/2030
 
TOP OF THE 1ST
Las Vegas Rat Pack batting - Pitching for Toronto Blue Jays : RHP Spencer Howard
Pitching: RHP Spencer Howard
Batting: LHB Phil Wylie 0-0: Fly out, F7 (Flyball, 78S, EV 73.1 MPH)
Batting: LHB Nick Williams 0-0: Swinging Strike
0-1: Hit by Pitch
Batting: RHB Mike Oestreich 0-0: Ball
1-0: Foul Ball, location: 25F
1-1: Ball
2-1: Ball
3-1: Called Strike
3-2: Fly out, F9 (Flyball, 89S, EV 95.0 MPH)
Batting: LHB Alex Verdugo 0-0: Ball
1-0: Ball
2-0: 2-RUN HOME RUN (Flyball, 9LD, EV 95.0 MPH), Distance : 341 ft
Batting: LHB Jordan Charry 0-0: Called Strike
0-1: Ball
1-1: Fly out, F9 (Line Drive, 89S, EV 107.5 MPH)
Top of the 1st over - 2 runs, 1 hit, 0 errors, 0 left on base; Las Vegas 2 - Toronto 0
BOTTOM OF THE 1ST
Toronto Blue Jays batting - Pitching for Las Vegas Rat Pack : RHP Chaun Culligan
Pitching: RHP Chaun Culligan
Batting: LHB CJ Abrams 0-0: Called Strike
0-1: Ball
1-1: Ball
2-1: Foul Ball, location: 2F
2-2: Foul Ball, location: 2F
2-2: Foul Ball, location: 25FF
2-2: Ball
3-2: Foul Ball, location: 9LDF
3-2: Foul Ball, location: 9LDF
3-2: TRIPLE (Line Drive, 89XD, EV 106.9 MPH)
Batting: LHB Tony Rangel 0-0: Ball
1-0: Fly out, F9 (Flyball, 89M, EV 101.9 MPH)
Runner from 3rd tags up, SCORES, throw by RF
Batting: RHB Luis Campusano 0-0: Ball
1-0: Called Strike
1-1: Ball
2-1: Ball
3-1: SINGLE (Groundball, 6MD, EV 101.9 MPH)
Batting: LHB Tommy Bruner 0-0: Called Strike
0-1: Fly out, F7 (Flyball, 7, EV 90.0 MPH)
Batting: LHB Josh Holmes 0-0: SINGLE (Groundball, 34D, EV 93.8 MPH)
Luis Campusano to second
Runner from 2nd tries for 3rd, OUT! 9-5
Bottom of the 1st over - 1 run, 3 hits, 0 errors, 1 left on base; Las Vegas 2 - Toronto 1
TOP OF THE 2ND
Las Vegas Rat Pack batting - Pitching for Toronto Blue Jays : RHP Spencer Howard
Batting: RHB Maximo Acosta 0-0: Called Strike
0-1: Ground out 6-3 (Groundball, 6, EV 101.3 MPH)
Batting: RHB Mike Hewitt 0-0: Swinging Strike
0-1: Swinging Strike
0-2: Ball
1-2: Fly out, F7 (Flyball, 7S, EV 82.5 MPH)
Batting: RHB Mike Bobbitt 0-0: Ball
1-0: Ball
2-0: Fly out, F4 (Popup, 4S, EV 80.6 MPH)
Top of the 2nd over - 0 runs, 0 hits, 0 errors, 0 left on base; Las Vegas 2 - Toronto 1
BOTTOM OF THE 2ND
Toronto Blue Jays batting - Pitching for Las Vegas Rat Pack : RHP Chaun Culligan
Batting: RHB Caleb Molina 0-0: Swinging Strike
0-1: Called Strike
0-2: Strikes out looking
Batting: RHB Manuel Beltre 0-0: Swinging Strike
0-1: Swinging Strike
0-2: Foul Ball, location: 5F
0-2: Strikes out swinging, 2-3 out at first.
Batting: LHB Jim Mata 0-0: Called Strike
0-1: Ball
1-1: Ball
2-1: Ball
3-1: Base on Balls
Batting: RHB Bo Bichette 0-0: Swinging Strike
0-1: SINGLE (Groundball, 6MS, EV 65.0 MPH) (infield hit)
Jim Mata to second
Batting: LHB CJ Abrams 0-0: Ball
1-0: Ground out U3 (Groundball, 34, EV 104.4 MPH)
Bottom of the 2nd over - 0 runs, 1 hit, 0 errors, 2 left on base; Las Vegas 2 - Toronto 1
TOP OF THE 3RD
Las Vegas Rat Pack batting - Pitching for Toronto Blue Jays : RHP Spencer Howard
Batting: RHB Carson Kelly 0-0: Called Strike
0-1: Swinging Strike
0-2: Strikes out looking
Batting: LHB Phil Wylie 0-0: Ball
1-0: Called Strike
1-1: Foul Ball, location: 3FF
1-2: Foul Ball, location: 9LSF
1-2: Ball
2-2: Ground out 4-3 (Groundball, 4, EV 101.3 MPH)
Batting: LHB Nick Williams 0-0: Foul Ball, location: 9LSFF
0-1: Ball
1-1: Foul Ball, location: 9LMF
1-2: SINGLE (Line Drive, 89S, EV 87.5 MPH)
Batting: RHB Mike Oestreich 0-0: Foul Ball, location: 2F
0-1: Foul Ball, location: 2F
0-2: Ball
1-2: Ball
2-2: Ball
3-2: Foul Ball, location: 9LMF
3-2: Foul Ball, location: 9LMF
3-2: Foul Ball, location: 3F
3-2: Fly out, F9 (Line Drive, 9, EV 91.3 MPH)
Top of the 3rd over - 0 runs, 1 hit, 0 errors, 1 left on base; Las Vegas 2 - Toronto 1
BOTTOM OF THE 3RD
Toronto Blue Jays batting - Pitching for Las Vegas Rat Pack : RHP Chaun Culligan
Batting: LHB Tony Rangel 0-0: Ground out 4-3 (Groundball, 4, EV 86.3 MPH)
Batting: RHB Luis Campusano 0-0: Called Strike
0-1: Ground out 5-3 (Groundball, 56, EV 103.1 MPH)
Batting: LHB Tommy Bruner 0-0: Ball
1-0: Called Strike
1-1: Foul Ball, location: 23FF
1-2: Fly out, F7 (Flyball, 7, EV 81.9 MPH)
Bottom of the 3rd over - 0 runs, 0 hits, 0 errors, 0 left on base; Las Vegas 2 - Toronto 1
TOP OF THE 4TH
Las Vegas Rat Pack batting - Pitching for Toronto Blue Jays : RHP Spencer Howard
Pitching: RHP Tony Gonzalez
Batting: LHB Alex Verdugo 0-0: Swinging Strike
0-1: Foul Ball, location: 2F
0-2: Ball
1-2: Strikes out looking
Batting: LHB Jordan Charry 0-0: Ball
1-0: Ground out 6-3 (Groundball, 4MD, EV 109.4 MPH)
Batting: RHB Maximo Acosta 0-0: Fly out, F7 (Flyball, 78S, EV 71.9 MPH)
Top of the 4th over - 0 runs, 0 hits, 0 errors, 0 left on base; Las Vegas 2 - Toronto 1
BOTTOM OF THE 4TH
Toronto Blue Jays batting - Pitching for Las Vegas Rat Pack : RHP Chaun Culligan
Batting: LHB Josh Holmes 0-0: Called Strike
0-1: Foul Ball, location: 23F
0-2: Ball
1-2: Foul Ball, location: 2F
1-2: Fly out, F7 (Flyball, 7LS, EV 83.8 MPH)
Batting: RHB Caleb Molina 0-0: Ball
1-0: Ground out 6-3 (Groundball, 6, EV 88.8 MPH)
Batting: RHB Manuel Beltre 0-0: Ball
1-0: Ball
2-0: Called Strike
2-1: Foul Ball, location: 23FF
2-2: Foul Ball, location: 7LMF
2-2: Fly out, F9 (Line Drive, 9S, EV 93.8 MPH)
Bottom of the 4th over - 0 runs, 0 hits, 0 errors, 0 left on base; Las Vegas 2 - Toronto 1
TOP OF THE 5TH
Las Vegas Rat Pack batting - Pitching for Toronto Blue Jays : RHP Tony Gonzalez
Batting: RHB Mike Hewitt 0-0: Ball
1-0: Ball
2-0: Foul Ball, location: 2F
2-1: Ball
3-1: SINGLE (Line Drive, 7S, EV 95.0 MPH)
Batting: RHB Mike Bobbitt 0-0: Fly out, F8 (Flyball, 78M, EV 85.6 MPH)
Batting: RHB Carson Kelly 0-0: Ball
1-0: Ball
2-0: DOUBLE (Flyball, 89D, EV 106.3 MPH)
Mike Hewitt to third
Batting: LHB Phil Wylie 0-0: Called Strike
0-1: Called Strike
0-2: Ball
1-2: Ball
2-2: Ball
3-2: Fly out, F6 (Line Drive, 6, EV 67.5 MPH)
Lined into DP, 6-4 (Line Drive, 6, EV 67.5 MPH)
Top of the 5th over - 0 runs, 2 hits, 0 errors, 1 left on base; Las Vegas 2 - Toronto 1
BOTTOM OF THE 5TH
Toronto Blue Jays batting - Pitching for Las Vegas Rat Pack : RHP Chaun Culligan
Batting: LHB Jim Mata 0-0: Fly out, F8 (Flyball, 78M, EV 92.5 MPH)
Batting: RHB Bo Bichette 0-0: Swinging Strike
0-1: Swinging Strike
0-2: Ball
1-2: Ball
2-2: Ball
3-2: Strikes out swinging
Batting: LHB CJ Abrams 0-0: Foul Ball, location: 2F
0-1: Ball
1-1: Ball
2-1: Foul Ball, location: 2F
2-2: Foul Ball, location: 7LDF
2-2: Foul Ball, location: 2LF
2-2: Foul Ball, location: 7LMFF
2-2: Strikes out swinging
Bottom of the 5th over - 0 runs, 0 hits, 0 errors, 0 left on base; Las Vegas 2 - Toronto 1
TOP OF THE 6TH
Las Vegas Rat Pack batting - Pitching for Toronto Blue Jays : RHP Tony Gonzalez
Batting: LHB Nick Williams 0-0: Ball
1-0: Ball
2-0: Called Strike
2-1: Ball
3-1: Called Strike
3-2: Base on Balls
Batting: RHB Mike Oestreich 0-0: Called Strike
0-1: Called Strike
Nick Williams is caught stealing 2nd base 2-4
0-2: Ball
1-2: Ball
2-2: Ball
3-2: Foul Ball, location: 9LSF
3-2: Base on Balls
Pitching: RHP Simeon Woods Richardson
Batting: LHB Alex Verdugo 0-0: Called Strike
0-1: Grounds into double play, 4-6-3 (Groundball, 4MD, EV 82.5 MPH)
Top of the 6th over - 0 runs, 0 hits, 0 errors, 0 left on base; Las Vegas 2 - Toronto 1
BOTTOM OF THE 6TH
Toronto Blue Jays batting - Pitching for Las Vegas Rat Pack : RHP Chaun Culligan
Batting: LHB Tony Rangel 0-0: Called Strike
0-1: Ball
1-1: Ball
2-1: Ball
3-1: Called Strike
3-2: Foul Ball, location: 7LMF
3-2: DOUBLE (Line Drive, 9LM, EV 109.4 MPH)
Batting: RHB Luis Campusano 0-0: Ball
1-0: Called Strike
1-1: Ground out 6-3 (Groundball, 6, EV 83.8 MPH)
Batting: LHB Tommy Bruner 0-0: Ball
1-0: Ball
2-0: Foul Ball, location: 5F
2-1: SINGLE (Line Drive, 78S, EV 91.3 MPH)
Tony Rangel to third
Runner from 3rd tries for Home, throw by LF and OUT! 7-2
Tommy Bruner to second
Batting: LHB Josh Holmes 0-0: Foul Ball, location: 25F
0-1: Ball
1-1: Ball
2-1: Ball
3-1: Called Strike
3-2: Foul Ball, location: 5F
3-2: Ground out 3-1 (Groundball, 34, EV 81.9 MPH)
Bottom of the 6th over - 0 runs, 2 hits, 0 errors, 1 left on base; Las Vegas 2 - Toronto 1
TOP OF THE 7TH
Las Vegas Rat Pack batting - Pitching for Toronto Blue Jays : RHP Simeon Woods Richardson
Pitching: LHP Ryan Weathers
Batting: LHB Jordan Charry 0-0: Ball
1-0: Ball
2-0: Called Strike
2-1: Foul Ball, location: 3FF
2-2: Fly out, F4 (Line Drive, 34D, EV 99.4 MPH)
Batting: RHB Maximo Acosta 0-0: Ball
1-0: Foul Ball, location: 7LSFF
1-1: Swinging Strike
1-2: Fly out, F8 (Flyball, 8LM, EV 93.8 MPH)
Batting: RHB Mike Hewitt 0-0: Swinging Strike
0-1: Ground out 6-3 (Groundball, 6M, EV 82.5 MPH)
Top of the 7th over - 0 runs, 0 hits, 0 errors, 0 left on base; Las Vegas 2 - Toronto 1
BOTTOM OF THE 7TH
Toronto Blue Jays batting - Pitching for Las Vegas Rat Pack : RHP Chaun Culligan
Pitching: RHP Brad Jaeger
Batting: RHB Caleb Molina 0-0: Called Strike
0-1: SINGLE (Line Drive, 78M, EV 90.6 MPH)
Batting: RHB Manuel Beltre 0-0: Grounds into double play, 6-4-3 (Groundball, 6, EV 76.9 MPH)
Batting: LHB Jim Mata 0-0: Ball
1-0: Called Strike
1-1: Swinging Strike
1-2: Foul Ball, location: 2F
1-2: Ball
2-2: Foul Ball, location: 25FF
2-2: Ball
3-2: Ground out 6-3 (Groundball, 56, EV 90.0 MPH)
Bottom of the 7th over - 0 runs, 1 hit, 0 errors, 0 left on base; Las Vegas 2 - Toronto 1
TOP OF THE 8TH
Las Vegas Rat Pack batting - Pitching for Toronto Blue Jays : LHP Ryan Weathers
Batting: RHB Mike Bobbitt 0-0: Ball
1-0: Foul Ball, location: 3DF
1-1: Swinging Strike
1-2: Ball
2-2: Strikes out swinging
Batting: RHB Carson Kelly 0-0: Foul Ball, location: 23F
0-1: Swinging Strike
0-2: Strikes out swinging
Batting: LHB Phil Wylie 0-0: Called Strike
0-1: Ball
1-1: Ball
2-1: Ball
3-1: Ground out U3 (Groundball, 3, EV 81.3 MPH)
Top of the 8th over - 0 runs, 0 hits, 0 errors, 0 left on base; Las Vegas 2 - Toronto 1
BOTTOM OF THE 8TH
Toronto Blue Jays batting - Pitching for Las Vegas Rat Pack : RHP Brad Jaeger
Batting: RHB Bo Bichette 0-0: Ball
1-0: SINGLE (Line Drive, 7S, EV 95.0 MPH)
Batting: LHB CJ Abrams 0-0: Ball
Bo Bichette steals 2nd base
1-0: Ground out 6-3 (Groundball, 6D, EV 105.0 MPH)
Bo Bichette to third
Batting: LHB Tony Rangel 0-0: Ball
1-0: Ball
2-0: Fielders Choice at home, 6-2 (Groundball, 6, EV 103.8 MPH)
Pitching: RHP Luis Patino
Batting: RHB Luis Campusano 0-0: Called Strike
0-1: Ball
1-1: Foul Ball, location: 3DF
1-2: Ball
2-2: Foul Ball, location: 25FF
2-2: Fly out, F8 (Flyball, 78D, EV 99.4 MPH)
Bottom of the 8th over - 0 runs, 1 hit, 0 errors, 1 left on base; Las Vegas 2 - Toronto 1
TOP OF THE 9TH
Las Vegas Rat Pack batting - Pitching for Toronto Blue Jays : LHP Ryan Weathers
Pitching: RHP Josh St. John
Batting: LHB Nick Williams 0-0: Foul Ball, location: 9LDF
0-1: SOLO HOME RUN (Flyball, 89XD, EV 101.9 MPH), Distance : 405 ft
Batting: RHB Mike Oestreich 0-0: Called Strike
0-1: Foul Ball, location: 5F
0-2: Ball
1-2: Ball
2-2: Ball
3-2: Strikes out swinging
Batting: LHB Alex Verdugo 0-0: Foul Ball, location: 2F
0-1: Called Strike
0-2: Ground out 4-3 (Groundball, 4, EV 86.3 MPH)
Batting: LHB Jordan Charry 0-0: Ball
1-0: Ball
2-0: Called Strike
2-1: Ball
3-1: Base on Balls
Batting: RHB Maximo Acosta 0-0: Ball
1-0: Foul Ball, location: 9LSF
1-1: Foul Ball, location: 25FF
1-2: Foul Ball, location: 2RF
1-2: Ball
Wild Pitch!
Jordan Charry to second
2-2: Strikes out swinging
Top of the 9th over - 1 run, 1 hit, 0 errors, 1 left on base; Las Vegas 3 - Toronto 1
BOTTOM OF THE 9TH
Toronto Blue Jays batting - Pitching for Las Vegas Rat Pack : RHP Luis Patino
Now in LF: Luis Barrera
Batting: LHB Tommy Bruner 0-0: Foul Ball, location: 2RF
0-1: Swinging Strike
0-2: Fly out, F7 (Flyball, 7, EV 93.8 MPH)
Batting: LHB Josh Holmes 0-0: Foul Ball, location: 5F
0-1: SINGLE (Groundball, 56D, EV 101.9 MPH)
Pinch Hitting: LHB Kevin Gutowski 0-0: SINGLE (Line Drive, 9S, EV 103.1 MPH)
Josh Holmes to second
Batting: RHB Manuel Beltre 0-0: Called Strike
0-1: SINGLE (Groundball, 34D, EV 103.8 MPH)
Josh Holmes to third
Kevin Gutowski to second
Batting: LHB Jim Mata 0-0: Called Strike
0-1: Fly out, F7 (Flyball, 78M, EV 97.5 MPH)
Batting: RHB Bo Bichette 0-0: Called Strike
0-1: Ball
1-1: SINGLE (Line Drive, 34D, EV 95.0 MPH)
Josh Holmes scores
Kevin Gutowski to third
Manuel Beltre to second
Runner from 3rd tries for Home, SAFE, throw by RF to home
Batting: LHB CJ Abrams 0-0: Ball
1-0: Ball
2-0: Ball
3-0: Base on Balls
Manuel Beltre to third
Bo Bichette to second
Batting: LHB Tony Rangel 0-0: Ball
1-0: Swinging Strike
1-1: Called Strike
1-2: Ball
2-2: Ball
3-2: Ground out 4-3 (Groundball, 4, EV 90.6 MPH)
Bottom of the 9th over - 2 runs, 4 hits, 0 errors, 3 left on base; Las Vegas 3 - Toronto 3
TOP OF THE 10TH
Las Vegas Rat Pack batting - Pitching for Toronto Blue Jays : RHP Josh St. John
Pitching: RHP Mike Pendergrass
Now at 1B: Tony Rangel
Now at 3B: CJ Abrams
Now in CF: Kevin Gutowski
Now in RF: Josh Holmes
Batting: RHB Mike Hewitt 0-0: Ball
1-0: Fly out, F8 (Flyball, 8LD, EV 91.9 MPH)
Batting: RHB Mike Bobbitt 0-0: Foul Ball, location: 3FF
0-1: Foul Ball, location: 2RF
0-2: Ball
1-2: Strikes out swinging
Batting: RHB Carson Kelly 0-0: Foul Ball, location: 5F
0-1: Ball
1-1: Called Strike
1-2: Strikes out looking
Top of the 10th over - 0 runs, 0 hits, 0 errors, 0 left on base; Las Vegas 3 - Toronto 3
BOTTOM OF THE 10TH
Toronto Blue Jays batting - Pitching for Las Vegas Rat Pack : RHP Luis Patino
Pitching: LHP Nick Lodolo
Batting: RHB Luis Campusano 0-0: Called Strike
0-1: Fly out, F8 (Flyball, 78D, EV 80.6 MPH)
Batting: RHB Jacob Gonzalez 0-0: Ball
1-0: Ball
2-0: Ball
3-0: Foul Ball, location: 25F
3-1: Base on Balls
Batting: LHB Josh Holmes 0-0: Foul Ball, location: 23F
0-1: Ball
1-1: Fielders Choice at 2nd, 1-4 (Groundball, 15S, EV 65.0 MPH)
Pinch Hitting: RHB Chris Griffith 0-0: Ball
1-0: Called Strike
1-1: Fly out, F8 (Flyball, 8RM, EV 86.3 MPH)
Bottom of the 10th over - 0 runs, 0 hits, 0 errors, 1 left on base; Las Vegas 3 - Toronto 3
TOP OF THE 11TH
Las Vegas Rat Pack batting - Pitching for Toronto Blue Jays : RHP Mike Pendergrass
Now in LF: Rodolfo Jimenez
Now in CF: Josh Holmes
Now in RF: Jim Mata
Batting: LHB Phil Wylie 0-0: Ball
1-0: Called Strike
1-1: Ball
2-1: Called Strike
2-2: Fly out, F8 (Flyball, 8LM, EV 76.3 MPH)
Batting: LHB Nick Williams 0-0: Ball
1-0: Foul Ball, location: 2F
1-1: Fly out, F9 (Line Drive, 9, EV 110.6 MPH)
Batting: RHB Mike Oestreich 0-0: Ball
1-0: Ball
2-0: Ball
3-0: Base on Balls
Pitching: RHP Chris Albin
Batting: LHB Alex Verdugo 0-0: Fly out, F9 (Flyball, 89M, EV 85.0 MPH)
Top of the 11th over - 0 runs, 0 hits, 0 errors, 1 left on base; Las Vegas 3 - Toronto 3
BOTTOM OF THE 11TH
Toronto Blue Jays batting - Pitching for Las Vegas Rat Pack : LHP Nick Lodolo
Batting: RHB Manuel Beltre 0-0: Ball
1-0: Ball
2-0: Ball
3-0: Called Strike
3-1: Base on Balls
Pinch Hitting: RHB Dante Adamson 0-0: Foul Ball, location: 9LDF
0-1: Bunted foul
0-2: Strikes out swinging
Batting: RHB Bo Bichette 0-0: Ball
1-0: Called Strike
1-1: Ball
2-1: Swinging Strike
2-2: Ball
3-2: Base on Balls
Manuel Beltre to second
Pitching: RHP Chris England
Batting: LHB CJ Abrams 0-0: Ball
Balk!
Manuel Beltre to third
Bo Bichette to second
1-0: Fielders Choice at home, 3-2 (Groundball, 34, EV 86.3 MPH)
Bo Bichette to third
Batting: LHB Tony Rangel 0-0: Ball
1-0: Foul Ball, location: 2LF
1-1: Ball
2-1: Ball
3-1: Called Strike
3-2: Foul Ball, location: 7LSF
3-2: Foul Ball, location: 2F
3-2: Base on Balls
CJ Abrams to second
Batting: RHB Luis Campusano 0-0: Called Strike
0-1: Ball
1-1: Fielders Choice at 2nd, 6-4 (Groundball, 6, EV 87.5 MPH)
Bottom of the 11th over - 0 runs, 0 hits, 0 errors, 3 left on base; Las Vegas 3 - Toronto 3
TOP OF THE 12TH
Las Vegas Rat Pack batting - Pitching for Toronto Blue Jays : RHP Chris Albin
Now in LF: Dante Adamson
Now in RF: Rodolfo Jimenez
Batting: LHB Luis Barrera 0-0: Called Strike
0-1: Swinging Strike
0-2: Ball
1-2: Strikes out looking
Batting: RHB Maximo Acosta 0-0: Ball
1-0: Ball
2-0: Swinging Strike
2-1: Ball
3-1: Foul Ball, location: 25FF
3-2: Strikes out swinging
Batting: RHB Mike Hewitt 0-0: Called Strike
0-1: Called Strike
0-2: Ball
1-2: Ground out 5-3 (Groundball, 56S, EV 80.0 MPH)
Top of the 12th over - 0 runs, 0 hits, 0 errors, 0 left on base; Las Vegas 3 - Toronto 3
BOTTOM OF THE 12TH
Toronto Blue Jays batting - Pitching for Las Vegas Rat Pack : RHP Chris England
Batting: RHB Jacob Gonzalez 0-0: Ball
1-0: Foul Ball, location: 2F
1-1: Ball
2-1: Ball
3-1: Base on Balls
Batting: LHB Josh Holmes 0-0: Ball
1-0: Fly out, F7 (Flyball, 7S, EV 88.1 MPH)
Batting: LHB Rodolfo Jimenez 0-0: Swinging Strike
0-1: Called Strike
0-2: Ball
1-2: Ball
2-2: Foul Ball, location: 7LMF
2-2: Strikes out swinging
Batting: RHB Manuel Beltre 0-0: Foul Ball, location: 2F
0-1: Foul Ball, location: 5FF
0-2: Foul Ball, location: 2F
0-2: Ball
1-2: Ball
2-2: Foul Ball, location: 2LF
2-2: SINGLE (Line Drive, 3D, EV 108.1 MPH)
Jacob Gonzalez to second
Pitching: RHP Riley Cabral
Batting: RHB Dante Adamson 0-0: Fly out, F8 (Flyball, 8RXD, EV 102.5 MPH)
Bottom of the 12th over - 0 runs, 1 hit, 0 errors, 2 left on base; Las Vegas 3 - Toronto 3
TOP OF THE 13TH
Las Vegas Rat Pack batting - Pitching for Toronto Blue Jays : RHP Chris Albin
Batting: RHB Mike Bobbitt 0-0: Ball
1-0: Foul Ball, location: 3SF
1-1: Swinging Strike
1-2: Strikes out swinging
Batting: RHB Carson Kelly 0-0: Ball
1-0: Called Strike
1-1: Swinging Strike
1-2: Strikes out looking
Batting: LHB Phil Wylie 0-0: Called Strike
0-1: Foul Ball, location: 23F
0-2: Fly out, F9 (Flyball, 9S, EV 80.6 MPH)
Top of the 13th over - 0 runs, 0 hits, 0 errors, 0 left on base; Las Vegas 3 - Toronto 3
BOTTOM OF THE 13TH
Toronto Blue Jays batting - Pitching for Las Vegas Rat Pack : RHP Riley Cabral
Batting: RHB Bo Bichette 0-0: Ground out 4-3 (Groundball, 4, EV 82.5 MPH)
Batting: LHB CJ Abrams 0-0: Ball
1-0: Called Strike
1-1: Fly out, F8 (Line Drive, 8LD, EV 96.3 MPH)
Batting: LHB Tony Rangel 0-0: Foul Ball, location: 5DF
0-1: Fly out, F7 (Flyball, 78XD, EV 103.1 MPH)
Bottom of the 13th over - 0 runs, 0 hits, 0 errors, 0 left on base; Las Vegas 3 - Toronto 3
TOP OF THE 14TH
Las Vegas Rat Pack batting - Pitching for Toronto Blue Jays : RHP Chris Albin
Batting: LHB Nick Williams 0-0: Foul Ball, location: 2F
0-1: Called Strike
0-2: Ball
1-2: SINGLE (Groundball, 4M, EV 104.4 MPH) (infield hit)
Batting: RHB Mike Oestreich 0-0: Ball
1-0: Swinging Strike
1-1: Ball
2-1: Foul Ball, location: 5FF
2-2: Grounds into double play, 5-4-3 (Groundball, 5S, EV 79.4 MPH)
Batting: LHB Alex Verdugo 0-0: Ball
1-0: Called Strike
1-1: Ball
2-1: Ball
3-1: Swinging Strike
3-2: Foul Ball, location: 23FF
3-2: Strikes out looking
Top of the 14th over - 0 runs, 1 hit, 0 errors, 0 left on base; Las Vegas 3 - Toronto 3
BOTTOM OF THE 14TH
Toronto Blue Jays batting - Pitching for Las Vegas Rat Pack : RHP Riley Cabral
Batting: RHB Luis Campusano 0-0: Foul Ball, location: 2F
0-1: Ground out 6-3 (Groundball, 6, EV 83.8 MPH)
Batting: RHB Jacob Gonzalez 0-0: Called Strike
0-1: Called Strike
0-2: Ball
1-2: Strikes out swinging
Batting: LHB Josh Holmes 0-0: Foul Ball, location: 2F
0-1: Foul Ball, location: 5F
0-2: Foul Ball, location: 2F
0-2: Strikes out swinging
Bottom of the 14th over - 0 runs, 0 hits, 0 errors, 0 left on base; Las Vegas 3 - Toronto 3
TOP OF THE 15TH
Las Vegas Rat Pack batting - Pitching for Toronto Blue Jays : RHP Chris Albin
Batting: LHB Luis Barrera 0-0: Ground out 6-3 (Groundball, 6M, EV 78.1 MPH)
Batting: RHB Maximo Acosta 0-0: Ball
1-0: Ground out 1-3 (Groundball, 15, EV 72.5 MPH)
Batting: RHB Mike Hewitt 0-0: Called Strike
0-1: Ball
1-1: Foul Ball, location: 9LSF
1-2: Ground out 6-3 (Groundball, 6, EV 105.0 MPH)
Top of the 15th over - 0 runs, 0 hits, 0 errors, 0 left on base; Las Vegas 3 - Toronto 3
BOTTOM OF THE 15TH
Toronto Blue Jays batting - Pitching for Las Vegas Rat Pack : RHP Riley Cabral
Batting: LHB Rodolfo Jimenez 0-0: Ball
1-0: Ball
2-0: Called Strike
2-1: Ball
3-1: Base on Balls
Batting: RHB Manuel Beltre 0-0: Ball
1-0: Swinging Strike
1-1: Foul Ball, location: 9LMF
1-2: Strikes out swinging
Batting: RHB Dante Adamson 0-0: Called Strike
0-1: Called Strike
0-2: Ground out 5-3 (Groundball, 6S, EV 85.6 MPH)
Rodolfo Jimenez to second
Batting: RHB Bo Bichette 0-0: Ball
1-0: Fly out, F8 (Line Drive, 8RD, EV 98.1 MPH)
Bottom of the 15th over - 0 runs, 0 hits, 0 errors, 1 left on base; Las Vegas 3 - Toronto 3
TOP OF THE 16TH
Las Vegas Rat Pack batting - Pitching for Toronto Blue Jays : RHP Chris Albin
Pitching: RHP Christian Fernandez
Batting: RHB Mike Bobbitt 0-0: Called Strike
0-1: Foul Ball, location: 9LMF
0-2: Ball
1-2: Ball
2-2: Ball
3-2: Base on Balls
Batting: RHB Carson Kelly 0-0: Ball
1-0: Ball
2-0: Ball
3-0: Base on Balls
Mike Bobbitt to second
Batting: LHB Phil Wylie 0-0: Ball
1-0: Foul Ball, location: 7LSF
1-1: Ball
2-1: Foul Ball, location: 23F
2-2: Ball
3-2: Foul Ball, location: 7LSF
3-2: Fly out, F7 (Flyball, 78M, EV 78.8 MPH)
Batting: LHB Nick Williams 0-0: Fielders Choice at 2nd, 3-6 (Groundball, 34, EV 86.9 MPH)
Mike Bobbitt to third
Batting: RHB Mike Oestreich 0-0: Called Strike
0-1: Ball
1-1: Foul Ball, location: 25F
1-2: Ball
2-2: Ball
3-2: Fly out, F7 (Flyball, 7S, EV 86.9 MPH)
Top of the 16th over - 0 runs, 0 hits, 0 errors, 2 left on base; Las Vegas 3 - Toronto 3
BOTTOM OF THE 16TH
Toronto Blue Jays batting - Pitching for Las Vegas Rat Pack : RHP Riley Cabral
Batting: LHB CJ Abrams 0-0: Foul Ball, location: 2F
0-1: Swinging Strike
0-2: Ground out 5-3 (Groundball, 5, EV 91.9 MPH)
Batting: LHB Tony Rangel 0-0: Called Strike
0-1: Ball
1-1: Ball
2-1: Foul Ball, location: 3F
2-2: Foul Ball, location: 2F
2-2: Ground out 6-3 (Groundball, 6, EV 101.9 MPH)
Pitching: RHP Jacob Nix
Batting: RHB Luis Campusano 0-0: Called Strike
0-1: Fly out, F8 (Flyball, 8LM, EV 86.9 MPH)
Bottom of the 16th over - 0 runs, 0 hits, 0 errors, 0 left on base; Las Vegas 3 - Toronto 3
TOP OF THE 17TH
Las Vegas Rat Pack batting - Pitching for Toronto Blue Jays : RHP Christian Fernandez
Batting: LHB Alex Verdugo 0-0: Ball
1-0: Ball
2-0: Ball
3-0: Called Strike
3-1: Called Strike
3-2: Base on Balls
Batting: LHB Luis Barrera 0-0: Ball
1-0: Ball
2-0: Ball
3-0: Base on Balls
Alex Verdugo to second
Batting: RHB Maximo Acosta 0-0: Called Strike
0-1: SINGLE (Groundball, 56D, EV 108.1 MPH)
Alex Verdugo to third
Luis Barrera to second
Runner from 3rd tries for Home, throw by LF and OUT! 7-2
Luis Barrera to third
Maximo Acosta to second
Batting: RHB Mike Hewitt 0-0: Intentional Walk
Batting: RHB Mike Bobbitt 0-0: Ball
1-0: Ball
2-0: SINGLE (Line Drive, 9S, EV 100.6 MPH)
Luis Barrera scores
Maximo Acosta to third
Mike Hewitt to second
Batting: RHB Carson Kelly 0-0: Called Strike
0-1: Foul Ball, location: 2F
0-2: Ball
1-2: Ball
2-2: Ball
3-2: Base on Balls
Maximo Acosta scores
Mike Hewitt to third
Mike Bobbitt to second
Batting: LHB Phil Wylie 0-0: Foul Ball, location: 2F
0-1: Ball
1-1: Swinging Strike
1-2: Ball
2-2: SINGLE (Groundball, 56D, EV 96.3 MPH)
Mike Hewitt scores
Mike Bobbitt to third
Carson Kelly to second
Batting: LHB Nick Williams 0-0: Swinging Strike
0-1: Ball
1-1: Ball
2-1: Swinging Strike
2-2: Ball
3-2: Foul Ball, location: 2F
3-2: Foul Ball, location: 5SF
3-2: Base on Balls
Mike Bobbitt scores
Carson Kelly to third
Phil Wylie to second
Batting: RHB Mike Oestreich 0-0: Ball
1-0: Called Strike
1-1: SINGLE (Groundball, 4MD, EV 106.9 MPH)
Carson Kelly scores
Phil Wylie to third
Nick Williams to second
Pitching: LHP Jose Morales
Batting: LHB Alex Verdugo 0-0: Fly out, F8 (Flyball, 8RXD, EV 102.5 MPH)
Runner from 3rd tags up, SCORES, no throw by CF
Nick Williams to third
Batting: LHB Luis Barrera 0-0: Ball
1-0: Ball
2-0: Foul Ball, location: 2RF
2-1: Foul Ball, location: 2F
2-2: Ground out 4-3 (Groundball, 34, EV 85.0 MPH)
Top of the 17th over - 6 runs, 4 hits, 0 errors, 2 left on base; Las Vegas 9 - Toronto 3
BOTTOM OF THE 17TH
Toronto Blue Jays batting - Pitching for Las Vegas Rat Pack : RHP Jacob Nix
Batting: RHB Jacob Gonzalez 0-0: Fly out, F9 (Line Drive, 89D, EV 108.1 MPH)
Batting: LHB Josh Holmes 0-0: Called Strike
0-1: Fly out, F7 (Line Drive, 78M, EV 100.6 MPH)
Batting: LHB Rodolfo Jimenez 0-0: Ball
1-0: Ball
2-0: Ground out 6-3 (Groundball, 6M, EV 100.0 MPH)
Bottom of the 17th over - 0 runs, 0 hits, 0 errors, 0 left on base; Las Vegas 9 - Toronto 3
Wednesday, March 20th , 2024 - OOTP Baseball 24.7 Build 72